 Dungeon Crawl Stone Soup version 0.29.0-10-g45618ea6d2 (webtiles) character file.

Game seed: 16845568389853091487

21474 mtoz the Cleaver (level 12, -3/115 HPs)
             Began as a Minotaur Berserker on Sept 1, 2022.
             Was an Elder of Trog.
             Engulfed by an ice statue's freezing vapour (13 damage)
             ... in an ice cave.
             The game lasted 00:42:05 (15694 turns).

mtoz the Cleaver (Minotaur Berserker)              Turns: 15694, Time: 00:42:06

Health: -3/115     AC: 19    Str: 27    XL:     12   Next: 54%
Magic:  11/11      EV: 11    Int:  4    God:    Trog [****..]
Gold:   1206       SH:  0    Dex: 10    Spells: 11/11 levels left

rFire   . . .      SeeInvis .   Q - +0 battleaxe
rCold   . . .      Faith    .   (shield currently unavailable)
rNeg    . . .      Spirit   .   v - +0 plate armour
rPois   +          Reflect  .   (helmet restricted)
rElec   .          Harm     .   y - scarf {repulsion}
rCorr   .          Rampage  .   (no gloves)
Will    ++...                   E - +2 pair of boots
Stlth   ..........              S - amulet of regeneration
HPRegen 2.09/turn               G - ring of flight
MPRegen 0.12/turn               k - ring of poison resistance

@: strong-willed, flying, regenerating, repel missiles
A: horns 2, retaliatory headbutt
a: Renounce Religion, Berserk, Trog's Hand, Brothers in Arms


You were in an ice cave.
You worshipped Trog.
Trog was greatly pleased with you.
You visited 2 branches of the dungeon, and saw 13 of its levels.
You also visited: Ossuary and Ice Cave.

You collected 1206 gold pieces.

Inventory:

Hand Weapons
 x - the +8 morningstar "Muupheuw" {drain, rCorr Str+4}
   (You found it on level 3 of the Dungeon)

   A truly terrible weapon, it drains the life of any living foe it strikes.
   Str:       It affects your strength (+4).
   rCorr:     It protects you from acid and corrosion.
 Q - a +0 battleaxe (weapon)
Armour
 v - a +0 plate armour (worn)
 y - a scarf of repulsion (worn)
 E - a +2 pair of boots (worn)
Jewellery
 k - a ring of poison resistance (right hand)
 G - a ring of flight (left hand)
 N - a ring of protection from cold
 P - a ring of positive energy
 S - an amulet of regeneration (around neck)
Wands
 i - a wand of mindburst (12)
 q - a wand of quicksilver (22)
 u - a wand of digging (2)
 w - a wand of flame (14)
 H - a wand of roots (16)
Scrolls
 a - 4 scrolls of vulnerability
 c - a scroll of blinking
 e - 5 scrolls of enchant weapon
 f - 2 scrolls of enchant armour
 g - a scroll of summoning {unknown}
 h - 9 scrolls of fog
 j - 3 scrolls of immolation
 m - a scroll of teleportation
 o - 4 scrolls of magic mapping
 z - 2 scrolls of fear {unknown}
 A - 3 scrolls of amnesia {unknown}
 B - 2 scrolls of poison {unknown}
 I - 2 scrolls of brand weapon {unknown}
 R - a scroll of noise {unknown}
Potions
 b - 6 potions of heal wounds
 d - 7 potions of lignification
 l - a potion of magic
 n - 3 potions of attraction
 p - 7 potions of mutation
 r - 3 potions of curing
 t - a potion of invisibility {unknown}
 D - 2 potions of cancellation
 F - 4 potions of haste
 L - 2 potions of berserk rage
Miscellaneous
 M - a phantom mirror


   Skills:
 + Level 13.0 Fighting
 * Level 13.3 Axes
 + Level 12.7 Armour
 + Level 11.7 Dodging
 + Level 1.8 Evocations


You had 11 spell levels left.
You didn't know any spells.
Your spell library was empty.

Dungeon Overview and Level Annotations

Branches:
Dungeon (11/15)            Temple (0/1) D:6            Lair (2/5) D:11
  Swamp (0/4) Lair:2      Ossuary (visited)           IceCv (1/1)
  Snake: Lair:2-3    Spider: Lair:2-3       Orc: D:9-12

Altars:
Cheibriados
Dithmenos
Gozag

Shops:
D:11 =[

Portals:
Abyss: D:11

Annotations:
D:11 2 transporters, Zarnosh's ghost, journeyman DgSu IceCv exclusion: 2 ice statues


Innate Abilities, Weirdness & Mutations

You have a pair of horns on your head.
You reflexively headbutt those who attack you in melee.


Message History

You hit the spriggan simulacrum.
The spriggan simulacrum vaporises!
Trog accepts your kill.
No target in view!
An ice devil and 2 ice statues come into view.
Found a scroll labelled QOMAMY TIAN and a scroll of teleportation.
The ice statue glitters chillingly in the dim dungeon light.
Marking area around 2 ice statues as unsafe for travelling.
You slash the ice statue!
The ice statue is lightly damaged.
The ice statue gestures at you. The bolt of cold misses you.
You slash the ice statue! You headbutt the ice statue.
The ice statue is moderately damaged.
The ice statue gestures at you.
The freezing blast engulfs you but does no damage.
You slice the ice statue!!
The ice statue is severely damaged.
You are engulfed in freezing vapours.
The ice statue gestures at you. The shard of ice misses you.
The ice statue gestures at you. The freezing blast engulfs you!
You hit the ice statue but do no damage.
The ice statue is severely damaged.
You hit the ice devil but do no damage.
You are engulfed in freezing vapours.
The ice statue gestures at you.
The freezing blast engulfs you but does no damage.
The ice devil hits you! The ice devil freezes you!!
* * * LOW HITPOINT WARNING * * *
You slash the ice statue!
The ice statue is almost destroyed.
You hit the ice devil.
You are engulfed in freezing vapours.
* * * LOW HITPOINT WARNING * * *
The ice statue gestures. x2
The ice devil hits you but does no damage.
Your skin crawls.
You feel strong-willed.
You are engulfed in freezing vapours.
You die...

##### ##.....
##Y...... ##........
#### #8.°°.....
##..## ##@4......
##....######°°°......
#.......##..°........
#..∩∩.............⌠..
#....................
##....##..##..Y......
##..########........
#### 8........
#........


You could see 2 ice statues, an ice devil and 2 ice beasts.

Vanquished Creatures
  A boulder beetle (D:7)
  A hydra (Lair:2)
  3 two-headed ogres
  A skeletal warrior (D:7)
  The ghost of sanka the Grappler, a novice TrCA of Ignis (D:6)
  Pikel (D:6)
  A manticore (D:11)
  A gargoyle (D:10)
  2 kobold demonologists
  2 cane toads
  A rime drake (Lair:1)
  2 ice devils (Lair:2)
  3 trolls
  2 hornets
  A slime creature (D:7)
  2 vampires
  4 wyverns
  A wraith (D:10)
  23 yaks
  3 shadows
  A basilisk (D:11)
  4 vampire mosquitoes (D:11)
  Menkaure (D:4)
  9 water moccasins
  An acid dragon (D:7)
  2 ice beasts (D:7)
  6 orc warriors
  4 sky beasts
  4 black bears
  5 ogres
  9 wolves
  3 centaurs
  6 kobold brigands
  14 bullfrogs
  A necrophage (D:7)
  A gnoll sergeant (D:10)
  2 scorpions (D:7)
  5 wights
  7 killer bees
  6 howler monkeys
  3 hounds
  5 jellies
  14 orc priests
  2 gnoll boudas
  2 iguanas
  20 orc wizards
  A spriggan simulacrum (IceCv)
  2 troll simulacra (IceCv)
  A wolf simulacrum (IceCv)
  4 mummies
  11 gnolls
  11 adders
  A river rat (D:4)
  2 shadow imps
  6 white imps
  An ufetubus (D:7)
  2 adder zombies (Ossuary)
  5 worms
  4 dart slugs
  43 orcs
  4 ball pythons
  8 bats
  6 endoplasms
  6 giant cockroaches
  A gnoll zombie (Ossuary)
  9 goblins
  4 hobgoblins
  4 jackals (D:2)
  31 kobolds
  3 quokkas
  5 frilled lizards
  8 hobgoblin zombies
  3 kobold zombies (Ossuary)
  An orc zombie (D:4)
  3 quokka zombies (Ossuary)
  5 rats
  4 rat zombies (Ossuary)
392 creatures vanquished.

Vanquished Creatures (others)
  4 fungi
  12 plants
16 creatures vanquished.

Grand Total: 408 creatures vanquished

Notes
Turn   | Place    | Note
-------+----------+-------------------------------------------
     0 | D:1      | mtoz the Minotaur Berserker began the quest for the Orb.
     0 | D:1      | Reached XP level 1. HP: 19/19 MP: 0/0
   271 | D:1      | Reached XP level 2. HP: 26/27 MP: 1/1
   489 | D:1      | Found a faded altar of an unknown god.
  1319 | D:2      | Reached XP level 3. HP: 27/33 MP: 2/2
  1494 | D:2      | Reached ** piety under Trog
  1888 | D:1      | Reached XP level 4. HP: 22/41 MP: 3/3
  2499 | D:3      | Found an opulent altar of Gozag.
  2682 | D:3      | Identified the +8 morningstar "Muupheuw" {drain, rCorr
                  | Str+4}
  2848 | D:3      | Reached XP level 5. HP: 14/47 MP: 4/4
  3173 | D:4      | Noticed a black bear
  3182 | D:4      | Killed a black bear
  3183 | D:4      | Reached skill level 5 in Fighting
  3183 | D:4      | Reached skill level 5 in Axes
  3186 | D:4      | Reached XP level 6. HP: 34/56 MP: 5/5
  3364 | D:4      | Reached *** piety under Trog
  4160 | D:4      | Noticed Menkaure
  4165 | D:4      | Killed Menkaure
  4166 | D:4      | Reached skill level 5 in Armour
  4166 | D:4      | Reached XP level 7. HP: 62/62 MP: 6/6
  4529 | D:5      | Entered Level 5 of the Dungeon
  4529 | D:5      | Found a sand-covered staircase.
  4534 | Ossuary  | Entered an ossuary
  4824 | D:5      | Reached skill level 5 in Dodging
  5139 | D:5      | Reached XP level 8. HP: 28/71 MP: 7/7
  5432 | D:5      | Reached **** piety under Trog
  6099 | D:6      | Noticed Pikel
  6104 | D:6      | Killed Pikel
  6358 | D:6      | Reached XP level 9. HP: 21/81 MP: 8/8
  6923 | D:6      | Found a runed translucent gate.
  6924 | D:6      | Found a runed translucent gate.
  6924 | D:6      | Noticed sanka's ghost (novice TrCA)
  6925 | D:6      | Found a runed translucent gate.
  6951 | D:6      | Killed sanka's ghost
  7126 | D:6      | Found a staircase to the Ecumenical Temple.
  7301 | D:7      | Found a snail-covered altar of Cheibriados.
  7301 | D:7      | Found a shadowy altar of Dithmenos.
  7517 | D:7      | Upgraded the game from 0.29.0-7-g18a832c13a to
                  | 0.29.0-10-g45618ea6d2
  7612 | D:7      | Reached XP level 10. HP: 53/91 MP: 9/9
  8340 | D:7      | Noticed a skeletal warrior
  8343 | D:7      | Noticed a cyclops
  8352 | D:7      | HP: 4/92 [skeletal warrior/+0 glaive (13)]
  8354 | D:7      | Noticed a boulder beetle
  8756 | D:7      | Noticed a two-headed ogre
  8762 | D:7      | Killed a two-headed ogre
  8763 | D:7      | Reached skill level 10 in Fighting
  8763 | D:7      | Reached skill level 10 in Axes
  8828 | D:7      | Killed a skeletal warrior
  8898 | D:7      | Killed a boulder beetle
  8899 | D:7      | Reached skill level 10 in Armour
  9044 | D:7      | Noticed a two-headed ogre
  9049 | D:7      | Killed a two-headed ogre
  9074 | D:7      | Identified the +6 trident of Articulation {freeze, Dex+4}
  9074 | D:7      | Identified the +0 robe "Uxkeiniott" {rPois}
  9301 | D:8      | Reached XP level 11. HP: 72/101 MP: 10/10
 10288 | D:9      | Noticed a two-headed ogre
 10321 | D:8      | Killed a two-headed ogre
 10584 | D:8      | Reached skill level 10 in Dodging
 11362 | D:10     | Entered Level 10 of the Dungeon
 12496 | D:10     | Reached ***** piety under Trog
 12643 | D:10     | HP: 5/104 [something (18)]
 13453 | D:11     | Found a transporter.
 13458 | D:11     | Noticed Zarnosh's ghost (journeyman DgSu)
 13462 | D:11     | Found a transporter.
 13471 | D:11     | Found a one-way gate to the infinite horrors of the Abyss.
 13512 | D:11     | Found Yryhuu's Jewellery Shop.
 13658 | D:11     | Reached XP level 12. HP: 107/112 MP: 11/11
 13797 | D:11     | Found Nusuem's Antique Armour Boutique.
 13897 | D:11     | Found a staircase to the Lair.
 13909 | D:11     | Identified the +9 war axe "Vigh" {venom, rC+}
 13916 | Lair:1   | Entered Level 1 of the Lair of Beasts
 15340 | Lair:1   | Reached skill level 1 in Evocations
 15527 | Lair:1   | You are sucked into a shaft and drop 1 floor!
 15533 | Lair:2   | Noticed a five-headed hydra
 15542 | Lair:2   | Killed a five-headed hydra
 15559 | Lair:2   | Found a frozen archway.
 15588 | IceCv    | Entered an ice cave
 15694 | IceCv    | Engulfed by an ice statue's freezing vapour

Illustrated notes

Levels and vault maps discovered:
D:1:      dpeg_arrival_rhombus, layout_loops_ring,
          shapermc_ecumenical_altar_flowoftime
D:2:      layout_rooms, serial_corexii_hall, chequers_hall_statues_wall_a,
          corexii_hall_statues_deadend, minmay_box_of_dots
D:3:      layout_rooms, nicolae_overflow_hidden_temple
D:4:      layout_basic, portal_sewer_entry_b, minmay_mini_ossuary, uniq_menkaure
D:5:      layout_loops_ring, serial_aquarium, aquarium_bridge_square
          [aquarium_subvault_bridge, aquarium_subvault_window,
          aquarium_subvault_bridge, aquarium_subvault_wall], aquarium_window_1,
          aquarium_window_fake, aquarium_window_double, aquarium_view_2c,
          aquarium_view_2d, enter_ossuary_1
D:6:      layout_cave_pools, temple_hall, ebering_ghost_rock_garden, hex_large,
          uniq_pikel
D:7:      minmay_the_grid_octo_tiled_octocenter [minmay_the_grid_octo_clover,
          minmay_the_grid_octo_clover_2, minmay_the_grid_octo_odd_swirl,
          minmay_the_grid_octo_horde, minmay_the_grid_octo_prize_single_spiral,
          minmay_the_grid_square_5x5_almost_minimal,
          minmay_the_grid_square_5x5_minivault,
          minmay_the_grid_square_5x5_two_walls_b,
          minmay_the_grid_square_5x5_n_small], layout_basic,
          grunt_temple_overflow_open
D:8:      layout_basic
D:9:      layout_rooms, grunt_ministairs_12
D:10:     minmay_polygon_palace, layout_basic
D:11:     layout_cross, minmay_lair_entry_grove, gammafunk_ghost_abyssal_escape,
          serial_shops, nicolae_shop_stone, shop
Lair:1:   layout_big_grid, grunt_megastairs_5, lemuel_fruit_fields
Lair:2:   kb_forest_paths, layout_small_grid, minmay_swamp_entry_worms,
          portal_ice_cave_demonic_guard
IceCv:    ice_cave_tombish

Skill      XL: |  1  2  3  4  5  6  7  8  9 10 11 12 |
---------------+-------------------------------------+-----
Fighting       | 4 5 6 8 9 10 12 13 | 13.0
Axes           | 4 5 6 8 9 10 12 13 | 13.3
Armour         | 3 4 5 6 7 9 10 12 | 12.7
Dodging        | 3 4 5 6 8 9 11 | 11.7
Evocations     | 1 |  1.8

Action                   |  1- 3 |  4- 6 |  7- 9 | 10-12 || total
-------------------------+-------+-------+-------+-------++-------
Melee: Hand axe          |    76 |    44 |       |       ||   120
       Headbutt          |    12 |    25 |    51 |   109 ||   197
       Punch             |     1 |       |     7 |     4 ||    12
       War axe           |       |    75 |   322 |   199 ||   596
       Battleaxe         |       |       |       |   309 ||   309
       Morningstar       |       |       |       |     3 ||     3
Invok: Berserk           |     1 |     2 |     3 |     8 ||    14
       Trog's Hand       |     1 |     2 |     4 |    28 ||    35
Evoke: Wand              |       |       |       |    10 ||    10
  Use: Scroll            |       |     6 |     3 |    15 ||    24
       Potion            |       |       |       |     1 ||     1
 Stab: Sleeping          |     1 |       |       |       ||     1
Armor: Animal skin       |     6 |       |       |       ||     6
       Ring mail         |    20 |     9 |       |       ||    29
       Plate armour      |       |    52 |   189 |   367 ||   608
Dodge: Dodged            |    50 |    48 |   140 |   368 ||   606
       Repelled          |       |       |     6 |     3 ||     9
